 Dungeon Crawl Stone Soup version 0.28.0-43-g3370ac3207 (webtiles) character file.

Game seed: 4875443887851159886

2569 Peloso the Carver (level 9, 0/79 HPs)
             Began as a Minotaur Fighter on Mar 17, 2022.
             Slain by an orc warrior
             ... wielding a +0 mace
              (17 damage)
             ... on level 7 of the Dungeon.
             The game lasted 00:09:17 (6680 turns).

Peloso the Carver (Minotaur Fighter)                Turns: 6680, Time: 00:09:18

Health: 0/79       AC:  9    Str: 23    XL:     9   Next: 31%
Magic:  8/8        EV: 12    Int:  5    God:
Gold:   311        SH:  5    Dex: 12    Spells: 8/8 levels left

rFire   . . .      SeeInvis +   a - +0 long sword
rCold   . . .      Faith    .   c - +0 buckler
rNeg    . . .      Spirit   .   k - +0 swamp dragon scales
rPois   +          Reflect  .   (helmet restricted)
rElec   .          Harm     .   (no cloak)
rCorr   .          Rampage  .   (no gloves)
Will    .....                   (no boots)
Stlth   +.........              (no amulet)
HPRegen 0.23/turn               l - ring of see invisible
MPRegen 0.11/turn               (no ring)

@: no status effects
A: horns 2, retaliatory headbutt
a: no special abilities


You were on level 7 of the Dungeon.
You visited 2 branches of the dungeon, and saw 8 of its levels.

You collected 311 gold pieces.

Inventory:

Hand Weapons
 a - a +0 long sword (weapon)
 b - a +1 whip of flaming
 y - the +10 hand axe of Causality {antimagic, +Blink rElec rF+ Dex+2}
   (You found it on level 7 of the Dungeon)

   It reduces the magical energy of the wielder, and disrupts the spells and
   magical abilities of those it strikes.
   Natural abilities and divine invocations are not affected.
   Dex:       It affects your dexterity (+2).
   rF:        It protects you from fire.
   rElec:     It insulates you from electricity.
   +Blink:    It lets you blink.
Armour
 c - a +0 buckler (worn)
 j - a +0 chain mail
 k - +0 swamp dragon scales (worn)
Jewellery
 l - a ring of see invisible (left hand)
Wands
 h - a wand of mindburst (16)
 p - a wand of digging (3)
 v - a wand of iceblast (5)
 x - a wand of flame (8)
 z - a wand of polymorph (7)
Scrolls
 q - a scroll of vulnerability {unknown}
 r - 2 scrolls of teleportation {unknown}
 s - 2 scrolls of identify
 u - a scroll of magic mapping {unknown}
 w - a scroll of fog {unknown}
Potions
 d - 3 potions of might
 e - a potion of haste
 f - 2 potions of cancellation {unknown}
 g - a potion of magic
 i - a potion of heal wounds
 m - a potion of lignification {unknown}
 n - a potion of invisibility {unknown}
 o - 3 potions of curing {unknown}
 t - a potion of mutation {unknown}


   Skills:
 + Level 7.1 Fighting
 + Level 10.6 Long Blades
 + Level 7.2 Armour
 + Level 4.0 Dodging
 + Level 2.0 Stealth
 + Level 5.4 Shields


You had 8 spell levels left.
You didn't know any spells.
Your spell library contained the following spells:

 Spells                   Type           Power      Damage    Failure   Level
 Freeze                   Ice            0%         1d3       71%         1
 Blink                    Tloc           0%         N/A       83%         2
 Confusing Touch          Hex            0%         N/A       97%         3
 Conjure Flame            Conj/Fire      0%         6-21      97%         3
 Frozen Ramparts          Ice            0%         1d2       97%         3
 Ignite Poison            Fire/Tmut/Pois 0%         N/A       97%         3
 Lesser Beckoning         Tloc           0%         N/A       97%         3
 Hailstorm                Conj/Ice       0%         3d3       100%        4
 Sticky Flame             Conj/Fire      0%         2d3       100%        4
 Freezing Cloud           Conj/Ice/Air   0%         6-21      100%        5
 Manifold Assault         Tloc           0%         N/A       100%        5
 Yara's Violent Unravell  Hex/Tmut       0%         3d3       100%        5
 Simulacrum               Ice/Necr       0%         N/A       100%        6
 Enfeeble                 Hex            0%         N/A       100%        7
 Polar Vortex             Ice            0%         N/A       100%        9


Dungeon Overview and Level Annotations

Branches:
Dungeon (7/15)             Temple (1/1) D:6

Altars:
Ashenzari
Cheibriados
Elyvilon
Fedhas
Hepliaklqana
Kikubaaqudgha
Makhleb
Ru
Uskayaw
Vehumet
Wu Jian
Xom
Yredelemnul
Zin

Shops:
D:3 *   D:4 ??

Annotations:
D:7 2 transporters, n00bb0dy's ghost, novice MiBe


Innate Abilities, Weirdness & Mutations

You have a pair of horns on your head.
You reflexively headbutt those who attack you in melee.


Message History

The orc throws a stone.
The stone barely misses you.
You feel less confused.
The orc throws a stone.
The stone closely misses you.
Unknown command.
The orc throws a stone.
The stone hits you but does no damage.
The orc wizard casts a spell.
The orc wizard flickers and vanishes for a moment.
The orc throws a stone.
The stone barely misses you. The orc wizard casts a spell at you.
The magic dart hits you! You block the orc warrior's attack.
You closely miss the orc warrior. Your headbutt misses the orc warrior.
The orc warrior hits you with a +0 mace.
You closely miss the orc warrior.
You headbutt the orc warrior, but do no damage.
The orc warrior hits you with a +0 mace! x2
You slash the orc warrior!
The orc warrior is moderately wounded.
The orc warrior hits you with a +0 mace!
You hit the orc warrior but do no damage.
The orc warrior is moderately wounded.
You block the orc warrior's attack.
You slash the orc warrior!
You headbutt the orc warrior, but do no damage.
The orc warrior is severely wounded.
The orc warrior barely misses you.
The orc warrior hits you with a +0 mace!
You completely miss the orc warrior.
The orc warrior is severely wounded.
The orc warrior hits you but does no damage.
You hit the orc warrior.
You headbutt the orc warrior, but do no damage.
The orc warrior is almost dead.
The orc warrior hits you with a +0 mace!
* * * LOW HITPOINT WARNING * * *
You block the orc warrior's attack.
You barely miss the orc warrior.
The orc warrior is almost dead.
The orc warrior hits you with a +0 mace!
You die...

######### ###.......#
##..........###
..............####
............#....####
...........#.....o..####
.))).........#
#@o.....#####
#............#
#####.......####..
##..........#
######.#........#
###.........#
#................ #
##(..###..#
#.≈≈≈≈≈≈≈≈≈≈≈≈≈≈≈ ## #..##
#..## ##.≈≈≈≈≈≈≈≈≈≈≈≈o≈≈
≈# ####
##...###..≈≈#####o.oo....
≈#
#......#..≈≈#.8.#.###.©.#
≈#
#..##......≈≈#...###g#####


You could see an orc warrior (fast) and an orc.

Vanquished Creatures
  Pikel (D:3)
  Grinder (D:4)
  A wyvern (D:7)
  Menkaure (D:5)
  3 ogres
  A sky beast (D:6)
  2 necrophages
  A lemure (D:3)
  A scorpion (D:5)
  4 killer bees (D:7)
  3 orc priests
  A centaur zombie (D:7)
  5 hounds
  A gnoll shaman (D:6)
  2 centaur skeletons
  6 iguanas
  3 orc wizards
  A killer bee zombie (D:7)
  A hound skeleton (D:5)
  8 gnolls
  9 adders
  A shadow imp (D:7)
  3 ufetubi (D:5)
  A worm (D:3)
  4 dart slugs
  17 orcs
  6 ball pythons
  3 bats
  4 endoplasms
  2 giant cockroaches
  4 goblins
  5 hobgoblins
  3 jackals (D:1)
  5 quokkas
  4 kobolds
  7 rats
125 creatures vanquished.

Vanquished Creatures (others)
  6 plants (D:7)
6 creatures vanquished.

Grand Total: 131 creatures vanquished

Notes
Turn   | Place    | Note
-------+----------+-------------------------------------------
     0 | D:1      | Peloso the Minotaur Fighter began the quest for the Orb.
     0 | D:1      | Reached XP level 1. HP: 19/19 MP: 0/0
   295 | D:1      | Reached XP level 2. HP: 27/27 MP: 1/1
  1189 | D:2      | Reached XP level 3. HP: 24/33 MP: 2/2
  1407 | D:2      | Reached skill level 3 in Long Blades
  1625 | D:2      | Found a faded altar of an unknown god.
  1951 | D:3      | Found Opocw's Assorted Antiques.
  1963 | D:3      | Reached skill level 4 in Long Blades
  1963 | D:3      | Reached XP level 4. HP: 22/40 MP: 3/3
  2648 | D:3      | Reached XP level 5. HP: 47/47 MP: 4/4
  2717 | D:3      | Reached skill level 5 in Long Blades
  2985 | D:4      | Found Datreutt's Magic Scroll Boutique.
  3051 | D:4      | Reached skill level 1 in Dodging
  3051 | D:4      | Reached XP level 6. HP: 45/53 MP: 5/5
  3110 | D:4      | Found a radiant altar of Vehumet.
  3204 | D:4      | Noticed Grinder
  3221 | D:4      | Killed Grinder
  3222 | D:4      | Reached skill level 6 in Long Blades
  3222 | D:4      | Reached skill level 5 in Armour
  3222 | D:4      | Reached skill level 1 in Stealth
  3422 | D:4      | Found Huosey Ybryg's Magic Scroll Boutique.
  3491 | D:4      | Noticed Pikel
  3676 | D:3      | Killed Pikel
  3677 | D:3      | Reached skill level 5 in Fighting
  3677 | D:3      | Reached skill level 7 in Long Blades
  3677 | D:3      | Reached XP level 7. HP: 12/61 MP: 6/6
  4149 | D:5      | Entered Level 5 of the Dungeon
  4161 | D:5      | Reached XP level 8. HP: 61/69 MP: 7/7
  4212 | D:5      | Reached skill level 8 in Long Blades
  4434 | D:5      | Found a hazy altar of Hepliaklqana.
  4581 | D:5      | Reached skill level 5 in Shields
  4677 | D:5      | Noticed Menkaure
  4818 | D:5      | Killed Menkaure
  4974 | D:5      | Reached skill level 9 in Long Blades
  5047 | D:6      | Found a staircase to the Ecumenical Temple.
  5064 | Temple   | Entered the Ecumenical Temple
  5193 | D:6      | Identified the +8 quarterstaff of Inconvenience {freeze,
                  | rC- Int+5}
  5708 | D:6      | Reached XP level 9. HP: 48/78 MP: 8/8
  5940 | D:6      | Reached skill level 10 in Long Blades
  6084 | D:6      | Found a snail-covered altar of Cheibriados.
  6160 | D:7      | Found a glowing silver altar of Zin.
  6449 | D:7      | Identified the +1 kite shield "Voinil" {Int+2 Stlth+}
  6455 | D:7      | Found a transporter.
  6458 | D:7      | Identified the +10 hand axe of Causality {antimagic, +Blink
                  | rElec rF+ Dex+2}
  6498 | D:7      | Found a transporter.
  6662 | D:7      | Noticed n00bb0dy's ghost (novice MiBe)
  6680 | D:7      | Slain by an orc warrior

Illustrated notes

Levels and vault maps discovered:
D:1:      elethiomel_arrival_infinity_welcomes_careful_drivers, layout_basic,
          lemuel_another_geyser
D:2:      layout_loops_ring, hellmonk_ecumenical_altar_crossroads
D:3:      layout_loops_ring, serial_shops, nicolae_shop_statue_plus,
          minivault_11, minmay_misc_feat_encased, dk_vineyard_2
D:4:      layout_cave_pools, nicolae_vehumet_radiance, serial_shops, shop,
          nicolae_shop_crystal, corexii_item_surrounded_by_moat, uniq_grinder,
          uniq_pikel
D:5:      layout_basic, mainiacjoe_overflow_tiny_flanked,
          grunt_decor_mini_mirrors, cheibrodos_gnoll_hut, uniq_menkaure
D:6:      layout_loops_ring, lemuel_round_altar,
          minmay_temple_entry_drinking_statues, corexii_hall_statues_l
D:7:      layout_cave_pods, nicolae_overflow_hidden_temple,
          nicolae_qazlal_eye_of_the_storm, gammafunk_ghost_gnarly_gnolls,
          kennysheep_small_circle
Temple:   jpeg_temple_alley_garden

Skill      XL: |  1  2  3  4  5  6  7  8  9 |
---------------+----------------------------+-----
Fighting       | 4 5 6 7 |  7.1
Armour         | 4 6 7 |  7.2
Long Blades    | 4 5 7 9 10 | 10.6
Shields        | 4 5 |  5.4
Dodging        | 1 2 3 4 |  4.0
Stealth        | 1 2 |  2.0

Action                   |  1- 3 |  4- 6 |  7- 9 || total
-------------------------+-------+-------+-------++-------
Melee: Long sword        |    64 |   119 |   171 ||   354
       Headbutt          |    11 |    16 |    40 ||    67
  Use: Scroll            |     3 |       |       ||     3
       Potion            |       |     2 |       ||     2
Armor: Scale mail        |    34 |     1 |       ||    35
       Chain mail        |       |     6 |       ||     6
       Swamp dragon scal |       |    39 |    55 ||    94
Dodge: Dodged            |    25 |    52 |    77 ||   154
Block: Buckler           |    15 |    28 |    30 ||    73
